SAA
BETHESDA ATOMS @ PHOENIX HOTSPUR YOUTH
08/28/2027
 
TOP OF THE 1ST
Bethesda Atoms batting - Pitching for Phoenix Hotspur Youth : RHP Miguel Aguilar
Pitching: RHP Miguel Aguilar
Batting: RHB Marc Beck 0-0: Ground out 5-3 (Groundball, 56S)
Batting: LHB Jorge Ortíz 0-0: Called Strike
0-1: Ball
1-1: Foul Ball, location: 2F
1-2: Strikes out looking
Batting: RHB Enrique Ibarra 0-0: Foul Ball, location: 2F
0-1: Ground out 6-3 (Groundball, 6)
Top of the 1st over - 0 run(s), 0 hit(s), 0 error(s), 0 left on base; Bethesda 0 - Phoenix Hotspur 0
BOTTOM OF THE 1ST
Phoenix Hotspur Youth batting - Pitching for Bethesda Atoms : LHP Mike Foltynewicz
Pitching: LHP Mike Foltynewicz
Batting: RHB Pierre Bernard 0-0: Ball
1-0: Called Strike
1-1: Foul Ball, location: 2F
1-2: Strikes out looking
Batting: LHB Kenny Scott 0-0: Ball
1-0: Ball
2-0: Called Strike
2-1: Called Strike
2-2: Strikes out swinging
Batting: LHB Roberto Fierro 0-0: Called Strike
0-1: Fly out, F8 (Line Drive, 8LS)
Bottom of the 1st over - 0 run(s), 0 hit(s), 0 error(s), 0 left on base; Bethesda 0 - Phoenix Hotspur 0
TOP OF THE 2ND
Bethesda Atoms batting - Pitching for Phoenix Hotspur Youth : RHP Miguel Aguilar
Batting: LHB Pedro Corona 0-0: Ball
1-0: Foul Ball, location: 2F
1-1: SINGLE (Flyball, 8RS)
Batting: RHB Raúl Javier Jr. 0-0: Ball
1-0: Called Strike
1-1: Ball
2-1: Ball
3-1: Called Strike
3-2: Foul Ball, location: 2F
3-2: Fly out, F8 (Flyball, 8LM)
Batting: LHB Diego Rosas 0-0: Foul Ball, location: 2F
0-1: Foul Ball, location: 2F
0-2: Ball
1-2: Strikes out swinging
Batting: RHB José Leyva 0-0: SINGLE (Line Drive, 6M)
Pedro Corona to second
Batting: LHB Dave Smerdon 0-0: Foul Ball, location: 2F
0-1: Swinging Strike
0-2: Strikes out swinging
Top of the 2nd over - 0 run(s), 2 hit(s), 0 error(s), 2 left on base; Bethesda 0 - Phoenix Hotspur 0
BOTTOM OF THE 2ND
Phoenix Hotspur Youth batting - Pitching for Bethesda Atoms : LHP Mike Foltynewicz
Batting: RHB Takashi Miike 0-0: SINGLE (Groundball, 56D)
Batting: LHB Ricardo Peña 0-0: Called Strike
0-1: Grounds into double play, 4-6-3 (Groundball, 4M)
Batting: LHB Harumi Takaki 0-0: Ball
1-0: Ball
2-0: Foul Ball, location: 2F
2-1: Ball
3-1: Foul Ball, location: 2F
3-2: Foul Ball, location: 2F
3-2: SINGLE (Groundball, 4MD)
Batting: RHB Hieronymus Bosch 0-0: Ball
1-0: SINGLE (Line Drive, 6D)
Harumi Takaki to second
Batting: RHB Enrico Sánchez 0-0: SINGLE (Groundball, 4MD)
Harumi Takaki to third
Hieronymus Bosch to second
Runner from 3rd tries for Home, SAFE, throw made home
Hieronymus Bosch to third
Enrico Sánchez to second
Batting: RHB Phillip Mendizabal 0-0: Ball
1-0: Called Strike
1-1: Ball
2-1: Ground out 6-3 (Groundball, 6)
Bottom of the 2nd over - 1 run(s), 4 hit(s), 0 error(s), 2 left on base; Bethesda 0 - Phoenix Hotspur 1
TOP OF THE 3RD
Bethesda Atoms batting - Pitching for Phoenix Hotspur Youth : RHP Miguel Aguilar
Batting: RHB Juan Camacho 0-0: Ball
1-0: Foul Ball, location: 2F
1-1: Ground out 6-3 (Groundball, 6)
Batting: RHB Marc Beck 0-0: Called Strike
0-1: Ball
1-1: Ball
2-1: Ground out 6-3 (Groundball, 6)
Batting: LHB Jorge Ortíz 0-0: Reached on error, E7 (Flyball, 7S)
Batting: RHB Enrique Ibarra 0-0: Ball
1-0: Foul Ball, location: 2F
1-1: Foul Ball, location: 2F
1-2: Ground out 4-3 (Groundball, 4)
Top of the 3rd over - 0 run(s), 0 hit(s), 1 error(s), 1 left on base; Bethesda 0 - Phoenix Hotspur 1
BOTTOM OF THE 3RD
Phoenix Hotspur Youth batting - Pitching for Bethesda Atoms : LHP Mike Foltynewicz
Batting: RHB Pierre Bernard 0-0: Called Strike
0-1: Ball
1-1: Swinging Strike
1-2: Foul Ball, location: 2F
1-2: Foul Ball, location: 2F
1-2: Strikes out swinging
Batting: LHB Kenny Scott 0-0: Fly out, F8 (Flyball, 89S)
Batting: LHB Roberto Fierro 0-0: Ball
1-0: SINGLE (Line Drive, 34)
Batting: RHB Takashi Miike 0-0: Ball
1-0: Ball
2-0: Swinging Strike
2-1: Fly out, F5 (Popup, 5S)
Bottom of the 3rd over - 0 run(s), 1 hit(s), 0 error(s), 1 left on base; Bethesda 0 - Phoenix Hotspur 1
TOP OF THE 4TH
Bethesda Atoms batting - Pitching for Phoenix Hotspur Youth : RHP Miguel Aguilar
Batting: LHB Pedro Corona 0-0: Ball
1-0: Called Strike
1-1: Called Strike
1-2: Ball
2-2: Ball
3-2: SINGLE (Groundball, 34D)
Batting: RHB Raúl Javier Jr. 0-0: Called Strike
0-1: Grounds into double play, 6-4-3 (Groundball, 6)
Batting: LHB Diego Rosas 0-0: Ball
1-0: Foul Ball, location: 2F
1-1: Called Strike
1-2: Ball
2-2: Strikes out swinging
Top of the 4th over - 0 run(s), 1 hit(s), 0 error(s), 0 left on base; Bethesda 0 - Phoenix Hotspur 1
BOTTOM OF THE 4TH
Phoenix Hotspur Youth batting - Pitching for Bethesda Atoms : LHP Mike Foltynewicz
Batting: LHB Ricardo Peña 0-0: Called Strike
0-1: Ball
1-1: Fly out, F8 (Flyball, 8LXD)
Batting: LHB Harumi Takaki 0-0: Called Strike
0-1: Fly out, F4 (Popup, 34)
Batting: RHB Hieronymus Bosch 0-0: Called Strike
0-1: Ball
1-1: Called Strike
1-2: SINGLE (Groundball, 5D)
Batting: RHB Enrico Sánchez 0-0: Called Strike
0-1: Ball
1-1: Ball
2-1: SINGLE (Groundball, 4D)
Hieronymus Bosch to second
Runner from 2nd tries for 3rd, SAFE, throw made to third
Batting: RHB Phillip Mendizabal 0-0: Ball
1-0: DOUBLE (Flyball, 78D)
Hieronymus Bosch scores
Enrico Sánchez to third
Runner from 3rd tries for Home, throw and OUT!
Bottom of the 4th over - 1 run(s), 3 hit(s), 0 error(s), 1 left on base; Bethesda 0 - Phoenix Hotspur 2
TOP OF THE 5TH
Bethesda Atoms batting - Pitching for Phoenix Hotspur Youth : RHP Miguel Aguilar
Batting: RHB José Leyva 0-0: Swinging Strike
0-1: Ball
1-1: Ball
2-1: Ball
3-1: Called Strike
3-2: Ground out 5-3 (Groundball, 56)
Batting: LHB Dave Smerdon 0-0: Called Strike
0-1: Ball
1-1: Fly out, F8 (Flyball, 89M)
Batting: RHB Juan Camacho 0-0: Foul Ball, location: 2F
0-1: Ball
1-1: Ball
2-1: SINGLE (Line Drive, 56)
Batting: RHB Marc Beck 0-0: Called Strike
0-1: Foul Ball, location: 2F
0-2: Ball
1-2: Strikes out looking
Top of the 5th over - 0 run(s), 1 hit(s), 0 error(s), 1 left on base; Bethesda 0 - Phoenix Hotspur 2
BOTTOM OF THE 5TH
Phoenix Hotspur Youth batting - Pitching for Bethesda Atoms : LHP Mike Foltynewicz
Batting: RHB Pierre Bernard 0-0: Ball
1-0: Ball
2-0: Bunt for hit - play at first, batter OUT! 1-3
Batting: LHB Kenny Scott 0-0: Ball
1-0: Called Strike
1-1: Ball
2-1: SINGLE (Line Drive, 3L)
Batting: LHB Roberto Fierro 0-0: Called Strike
0-1: Ball
1-1: Foul Ball, location: 2F
1-2: Foul Ball, location: 2F
1-2: Ball
2-2: Foul Ball, location: 2F
2-2: DOUBLE (Line Drive, 7LM)
Kenny Scott to third
Batting: RHB Takashi Miike 0-0: Ground out 6-3 (Groundball, 56)
Kenny Scott scores
Batting: LHB Ricardo Peña 0-0: Called Strike
0-1: Foul Ball, location: 2F
0-2: Foul Ball, location: 2F
0-2: Foul Ball, location: 2F
0-2: Ball
1-2: Fly out, F9 (Flyball, 9D)
Bottom of the 5th over - 1 run(s), 2 hit(s), 0 error(s), 1 left on base; Bethesda 0 - Phoenix Hotspur 3
TOP OF THE 6TH
Bethesda Atoms batting - Pitching for Phoenix Hotspur Youth : RHP Miguel Aguilar
Batting: LHB Jorge Ortíz 0-0: Swinging Strike
0-1: Called Strike
0-2: SINGLE (Flyball, 89S)
Batting: RHB Enrique Ibarra 0-0: Called Strike
0-1: Ball
1-1: Foul Ball, location: 2F
1-2: Strikes out swinging
Batting: LHB Pedro Corona 0-0: Called Strike
Jorge Ortíz is caught stealing 2nd base
0-1: Ball
1-1: Fly out, F8 (Flyball, 8LM)
Top of the 6th over - 0 run(s), 1 hit(s), 0 error(s), 0 left on base; Bethesda 0 - Phoenix Hotspur 3
BOTTOM OF THE 6TH
Phoenix Hotspur Youth batting - Pitching for Bethesda Atoms : LHP Mike Foltynewicz
Batting: LHB Harumi Takaki 0-0: Swinging Strike
0-1: Ball
1-1: Called Strike
1-2: Foul Ball, location: 2F
1-2: Ball
2-2: Fly out, F9 (Flyball, 9S)
Batting: RHB Hieronymus Bosch 0-0: Ball
1-0: SINGLE (Flyball, 9S)
Batting: RHB Enrico Sánchez 0-0: Called Strike
0-1: Foul Ball, location: 2F
0-2: Foul Ball, location: 2F
0-2: Strikes out looking
Batting: RHB Phillip Mendizabal 0-0: Called Strike
0-1: Swinging Strike
0-2: Ball
1-2: Ball
2-2: Strikes out looking
Bottom of the 6th over - 0 run(s), 1 hit(s), 0 error(s), 1 left on base; Bethesda 0 - Phoenix Hotspur 3
TOP OF THE 7TH
Bethesda Atoms batting - Pitching for Phoenix Hotspur Youth : RHP Miguel Aguilar
Batting: RHB Raúl Javier Jr. 0-0: Called Strike
0-1: Ball
1-1: Foul Ball, location: 2F
1-2: Foul Ball, location: 2F
1-2: Fly out, F9 (Flyball, 89M)
Batting: LHB Diego Rosas 0-0: Foul Ball, location: 2F
0-1: Ball
1-1: Called Strike
1-2: Foul Ball, location: 2F
1-2: Ball
2-2: Foul Ball, location: 2F
2-2: Ground out U3 (Groundball, 3)
Batting: RHB José Leyva 0-0: Called Strike
0-1: Swinging Strike
0-2: Strikes out looking
Top of the 7th over - 0 run(s), 0 hit(s), 0 error(s), 0 left on base; Bethesda 0 - Phoenix Hotspur 3
BOTTOM OF THE 7TH
Phoenix Hotspur Youth batting - Pitching for Bethesda Atoms : LHP Mike Foltynewicz
Batting: RHB Pierre Bernard 0-0: Ball
1-0: Fly out, F9 (Flyball, 9S)
Batting: LHB Kenny Scott 0-0: Ball
1-0: Ball
2-0: Called Strike
2-1: Fly out, F8 (Flyball, 8LM)
Batting: LHB Roberto Fierro 0-0: Swinging Strike
0-1: Ball
1-1: Called Strike
1-2: SOLO HOME RUN (Flyball, 9D), Distance : 369 ft
Batting: RHB Takashi Miike 0-0: Ball
1-0: Foul Ball, location: 2F
1-1: Ball
2-1: Fly out, F8 (Flyball, 8RM)
Bottom of the 7th over - 1 run(s), 1 hit(s), 0 error(s), 0 left on base; Bethesda 0 - Phoenix Hotspur 4
TOP OF THE 8TH
Bethesda Atoms batting - Pitching for Phoenix Hotspur Youth : RHP Miguel Aguilar
Batting: LHB Dave Smerdon 0-0: Ball
1-0: Swinging Strike
1-1: Ball
2-1: SINGLE (Groundball, 34D)
Batting: RHB Juan Camacho 0-0: Swinging Strike
0-1: Foul Ball, location: 2F
0-2: Strikes out swinging
Batting: RHB Marc Beck 0-0: Foul Ball, location: 2F
0-1: Ball
1-1: Ball
2-1: Ground out U3 (Groundball, 2R)
Dave Smerdon to second
Batting: LHB Jorge Ortíz 0-0: Called Strike
0-1: Ball
1-1: SINGLE (Line Drive, 4MD)
Dave Smerdon to third
Runner from 3rd tries for Home, SAFE, no throw
Batting: RHB Enrique Ibarra 0-0: Called Strike
0-1: Ground out U3 (Groundball, 3)
Top of the 8th over - 1 run(s), 2 hit(s), 0 error(s), 1 left on base; Bethesda 1 - Phoenix Hotspur 4
BOTTOM OF THE 8TH
Phoenix Hotspur Youth batting - Pitching for Bethesda Atoms : LHP Mike Foltynewicz
Batting: LHB Ricardo Peña 0-0: Called Strike
0-1: Ball
1-1: Foul Ball, location: 2F
1-2: Ball
2-2: Ball
3-2: SINGLE (Groundball, 34S) (infield hit)
Batting: LHB Harumi Takaki 0-0: Sac Bunt - play at first, batter OUT! U3
Ricardo Peña to second
Batting: RHB Hieronymus Bosch 0-0: Foul Ball, location: 2F
0-1: Foul Ball, location: 2F
0-2: Ball
1-2: Ball
2-2: Strikes out swinging
Pitching: RHP Jeren Kendall
Batting: RHB Enrico Sánchez 0-0: Ball
1-0: Ball
2-0: Called Strike
2-1: DOUBLE (Line Drive, 9D)
Ricardo Peña scores
Batting: RHB Phillip Mendizabal 0-0: Called Strike
0-1: Swinging Strike
0-2: Strikes out swinging
Bottom of the 8th over - 1 run(s), 2 hit(s), 0 error(s), 1 left on base; Bethesda 1 - Phoenix Hotspur 5
TOP OF THE 9TH
Bethesda Atoms batting - Pitching for Phoenix Hotspur Youth : RHP Miguel Aguilar
Batting: LHB Pedro Corona 0-0: Called Strike
0-1: Foul Ball, location: 2F
0-2: Ball
1-2: Foul Ball, location: 2F
1-2: Ball
2-2: Ball
3-2: Foul Ball, location: 2F
3-2: Foul Ball, location: 2F
3-2: Base on Balls
Pitching: LHP Raúl Gonzáles
Batting: RHB Raúl Javier Jr. 0-0: Swinging Strike
0-1: Swinging Strike
0-2: Strikes out swinging
Batting: LHB Diego Rosas 0-0: Ball
Wild Pitch!
Pedro Corona to second
1-0: Swinging Strike
1-1: Ball
2-1: Foul Ball, location: 2F
2-2: Foul Ball, location: 2F
2-2: Foul Ball, location: 2F
2-2: Foul Ball, location: 2F
2-2: Ball
3-2: Foul Ball, location: 2F
3-2: Base on Balls
Pitching: RHP Vernon Turner
Batting: RHB José Leyva 0-0: SINGLE (Groundball, 3D)
Pedro Corona to third
Diego Rosas to second
Batting: LHB Dave Smerdon 0-0: SINGLE (Groundball, 34D)
Pedro Corona scores
Diego Rosas to third
José Leyva to second
Batting: RHB Juan Camacho 0-0: Called Strike
0-1: Foul Ball, location: 2F
0-2: Foul Ball, location: 2F
0-2: Ball
1-2: Ball
2-2: Grounds into double play, 5-4-3 (Groundball, 5)
Top of the 9th over - 1 run(s), 2 hit(s), 0 error(s), 2 left on base; Bethesda 2 - Phoenix Hotspur 5
Saturday, May 26th, 2018 - OOTP Baseball 17.12 Build 75